Unix NetHack Version 3.7.0-53 Work-in-progress - last build Apr 18 2022 03:42:42 (02b85442fffe0e2954e411e09df771b56fe27bbc,branch:master). Game began 2022-04-22 14:24:26, ended 2022-04-22 23:21:30. spontiff, neutral male gnomish Healer --- ------ ------..###########....-- --..--..-- |.|...| |...*...| |)|..-- |<..... |)|--- |.. |.| --.| ---- --..| ...----..---- --% d@......-- ---B........-- ----.......| |..)....| |..---..| ---- |..| ---- Spontiff the Rhizotomist St:12 Dx:9 Co:13 In:10 Wi:16 Ch:16 Neutral S:416 Dlvl:6 $:1715 HP:34(37) Pw:8(8) AC:4 Xp:1/5 T:2671 Latest messages: Z - 50 darts. r - 2 darts. a - a poisoned dart. You see here a leash. d - a leash. What do you want to adjust? [a-eghjkoq-yBD-FKNQSTV-Z or ?*] d Adjust letter to what [dfil-npzACG-JLMOPRU] (? see used letters)? z Moving: z - a leash. You hear some noises. You see here 4 daggers. What do you want to use or apply? [eoszS or ?*] s In what direction? h Status of the large dog (neutral): Level 8 HP 52(64) AC 4, tame. In what direction? k The large dog looks better. What do you want to use or apply? [eoszS or ?*] s In what direction? . Status of spontiff (devoutly neutral): Level 1 HP 37(37) AC 4. You hear some noises. The large dog bites the newt. The newt is killed! A trap door opens up under you! You hear a D flat squeak in the distance. You are empty handed. The newt bites! You swap places with your large dog. The large dog bites it. The large dog eats a newt corpse. What do you want to use or apply? [eoszS or ?*] s In what direction? y Status of the large dog (neutral): Level 9 HP 66(67) AC 4, tame. The large dog bites it. It misses the large dog. The large dog bites it. You see here a dwarf corpse. You hear crashing rock. You swap places with your large dog. The large dog bites it. It misses the large dog. The large dog bites the orc zombie. You destroy the orc zombie! The large dog bites the giant bat. The large dog bites the giant bat. The giant bat misses the large dog. The giant bat bites! #oh fuck off: unknown extended command. #ashtards: unknown extended command. Really quit? (yes) [no] yes Do you want your possessions identified? [ynq] (y) y Do you want to see the dungeon overview? [ynq] (y) y Major events: Turn 1: spontiff the neutral male gnomish Healer entered the dungeon 1459: entered the Gnomish Mines 2671: quit Inventory: Coins $ - 1715 gold pieces Weapons b - an uncursed +1 arrow W - 7 uncursed +0 arrows T - 50 cursed +0 arrows x - 11 cursed -1 arrows r - 11 uncursed +0 darts Z - 50 cursed +0 darts a - an uncursed poisoned +0 dart k - an uncursed +0 orcish dagger K - an uncursed +0 scalpel (alternate weapon; not wielded) Armor h - an uncursed +0 dwarvish iron helm (being worn) g - an uncursed +1 pair of leather gloves (being worn) v - an uncursed +0 pair of iron shoes (being worn) q - an uncursed +0 dwarvish cloak (being worn) F - an uncursed +0 dwarvish cloak Q - an uncursed +0 dwarvish cloak E - a cursed -1 dwarvish cloak Comestibles y - an uncursed apple u - 4 uncursed lichen corpses Scrolls j - an uncursed scroll of enchant weapon V - an uncursed scroll of remove curse Potions c - 4 uncursed potions of healing named SMOKY Rings B - a cursed +1 ring of increase damage Wands S - an uncursed wand of sleep (0:5) Tools z - an uncursed leash e - an uncursed +0 pick-axe s - an uncursed stethoscope o - an uncursed tin whistle Gems/Stones Y - an uncursed jasper stone t - 3 uncursed worthless pieces of black glass w - 2 uncursed worthless pieces of blue glass D - 3 uncursed worthless pieces of green glass N - an uncursed worthless piece of white glass X - an uncursed worthless piece of yellow glass Spontiff the Healer's attributes: Background: You were a Rhizotomist, a level 1 male gnomish Healer. You were neutral, on a mission for Hermes who was opposed by Athena (lawful) and Poseidon (chaotic). You were in the Gnomish Mines, on level 6. You entered the dungeon 2671 turns ago. It was nighttime. You had 5 experience points, 15 more were needed to attain level 2. Your score was 416 before end-of-game adjustments. Basics: You had 34 out of 37 hit points. You had all 8 energy points (spell power). Your armor class was 4. Your wallet contained 1715 zorkmids. Autopickup was on for '$!/="?' plus thrown, with exceptions. Final Characteristics: Your strength was 12 (limit:18/50). Your dexterity was 9 (limit:18). Your constitution was 13 (limit:18). Your intelligence was 10 (limit:19). Your wisdom was 16 (limit:18). Your charisma was 16 (limit:18). Final Status: You were not hungry. You were unencumbered. You were empty handed. You were unskilled in bare handed combat. Final Attributes: You were piously aligned. You were poison resistant. You had infravision. You were warded. You survived. Miscellaneous: You encountered 1 bones level. Total elapsed playing time was 31 minutes and 55 seconds. Vanquished creatures: a dog 2 dwarves a homunculus 2 orc zombies a dwarf zombie an iguana an acid blob a coyote a gas spore a hobbit a manes a giant rat a yellow mold a green mold 5 gnomes a gnome zombie 4 geckos 8 jackals a kobold 2 goblins 2 sewer rats 6 grid bugs 6 lichens 2 kobold zombies 10 newts 63 creatures vanquished. No species were genocided or became extinct. Voluntary challenges: You never hit with a wielded weapon. You were illiterate. You never engraved Elbereth. You never genocided any monsters. You never polymorphed an object. You never changed form. You used no wishes. Achievement: You entered the Gnomish Mines. The Dungeons of Doom: levels 1 to 4 Level 1: Some fountains. Level 2: "Stash; shocked lop" An altar to Hermes, a fountain, a grave. Level 3: Stairs down to The Gnomish Mines. Level 4: A fountain. The Gnomish Mines: levels 4 to 6 Level 4: "Bones" A grave. Final resting place for nurdglaw-Arc-Hum-Mal-Neu, killed by a dog. Level 5: Level 6: <- You were here. Goodbye spontiff the Healer... You quit in The Gnomish Mines on dungeon level 6 with 416 points, and 1715 pieces of gold, after 2671 moves. You were level 1 with a maximum of 37 hit points when you quit.